Map: Acid Plant LE

Players

InZaNe

  • Race: Terran Terran
  • Spawn Location: 11:00

SortOf - Winner!

  • Race: Zerg Zerg
  • Spawn Location: 5:00

Event: WCS Valencia 2018

VOD

Have the link to the VOD?

Description

Time

  • Played on: July 12, 2018, 10:27 a.m.
  • Length: 20:10

All games in this series

Show
View Real Time Build Order
Export as new Build Order

InZaNe Terran 

Build Orders: Reaper Expand, MMM Bio 

Get SALT Encoding   

  12  0:00  SCV  
  13  0:13  SCV  
  14  0:17  Supply Depot  
  14  0:25  SCV  
  15  0:38  SCV  
  15  0:40  Barracks  
  16  0:43  Refinery  
  16  0:50  SCV  
  17  1:02  SCV  
  18  1:14  SCV  
  19  1:26  Reaper  
  19  1:27  Orbital Command  
  20  1:39  Command Center  
  20  1:47  Supply Depot  
  21  1:54  SCV  
  21  1:58  Marine  
  22  2:04  Factory  
  22  2:07  SCV  
  23  2:19  SCV  
  23  2:21  Barracks Reactor  
  24  2:32  SCV  
  25  2:41  Command Center  
  25  2:44  SCV  
  26  2:52  Orbital Command  
  26  2:56  SCV  
  27  3:02  Barracks Tech Lab  
  29  3:06  Hellion  
  29  3:07  Hellion  
  29  3:08  SCV  
  32  3:20  SCV  
  32  3:22  SCV, Marine  
  32  3:23  Stimpack  
  35  3:29  Refinery, Hellion  
  35  3:31  Hellion  
  35  3:33  SCV  
  40  3:34  SCV  
  40  3:40  Marine  
  42  3:45  SCV  
  42  3:46  SCV  
  44  3:56  Orbital Command  
  44  3:57  SCV  
  44  3:58  SCV  
  44  4:00  Factory Reactor  
  44  4:01  Barracks x2  
  46  4:06  Marine  
  48  4:10  SCV  
  48  4:16  Engineering Bay  
  48  4:17  Engineering Bay, SCV  
  48  4:22  Supply Depot, SCV  
  48  4:23  SCV  
  51  4:24  Marine  
  51  4:29  SCV  
  53  4:34  SCV  
  53  4:35  SCV  
  53  4:36  Refinery  
  55  4:41  SCV  
  55  4:42  Marine  
  55  4:44  Terran Infantry Weapons Level 1  
  55  4:45  Factory Reactor, Terran Infantry Armor Level 1  
  57  4:46  SCV  
  57  4:47  Supply Depot  
  57  4:48  Refinery  
  57  4:50  Marine x2  
  60  4:56  Starport, Marine x2  
  60  4:58  SCV  
  60  4:59  Orbital Command, SCV  
  64  5:00  Marine  
  65  5:08  Marine x2  
  65  5:10  Supply Depot  
  65  5:11  SCV x2  
  69  5:15  Marine  
  69  5:17  Marine  
  72  5:22  Marauder  
  72  5:23  SCV x2  
  72  5:26  Marine  
  72  5:27  Combat Shield, Marine  
  77  5:32  SCV  
  77  5:33  Supply Depot  
  77  5:35  SCV, Factory Tech Lab  
  79  5:37  Marine x2  
  79  5:41  SCV  
  82  5:44  SCV  
  82  5:47  SCV  
  82  5:48  Marauder, Marine x2  
  88  5:52  Armory  
  88  5:53  SCV  
  86  5:57  Marine x2  
  86  6:05  Marine  
  86  6:06  Marine  
  86  6:09  Marine  
  70  6:15  Marine x2  
  74  6:22  Siege Tank  
  74  6:23  Marine  
  76  6:26  Medivac  
  76  6:27  Medivac  
  76  6:28  Marine  
  77  6:34  Marauder, Marine x2  
  78  6:41  SCV, Marine  
  78  6:46  Marine  
  80  7:00  Marine x2  
  80  7:01  Marine x2  
  68  7:09  SCV x3  
  68  7:12  Marine  
  68  7:15  Siege Tank, Medivac x2  
  79  7:18  Marine  
  79  7:21  Engineering Bay, SCV x3, Marine  
  79  7:22  Marine  
  85  7:23  Engineering Bay  
  85  7:29  Marine  
  86  7:33  SCV x2, Barracks  
  86  7:34  SCV, Barracks  
  89  7:38  Marine x2  
  89  7:41  Marine x2  
  93  7:45  Supply Depot  
  93  7:46  Supply Depot  
  93  7:52  SCV x2  
  93  7:53  SCV  
  93  7:55  Marine  
  93  7:57  Siege Tank  
  93  8:01  Terran Infantry Armor Level 2, Terran Infantry Weapons Level 2  
  93  8:06  SCV x3  
  93  8:07  Marine x4  
  100  8:13  Marine, Terran Vehicle Weapons Level 1  
  100  8:18  SCV x3  
  104  8:26  Supply Depot  
  104  8:29  Supply Depot, Marine, Barracks Reactor x2  
  104  8:30  Marine x3  
  104  8:31  SCV  
  104  8:32  Barracks Tech Lab  
  109  8:40  SCV  
  109  8:42  SCV  
  109  8:48  Marauder, Siege Tank, SCV  
  115  8:50  Marine x2  
  115  8:53  SCV  
  115  8:54  SCV  
  119  8:56  Medivac  
  119  9:00  SCV  
  110  9:10  Marine  
  110  9:11  Marine x7  
  110  9:17  SCV x2  
  120  9:18  Missile Turret  
  120  9:20  Missile Turret x2  
  119  9:28  Marine x2  
  119  9:29  Marine x3  
  119  9:30  Marine x3  
  120  9:38  SCV x2  
  122  9:40  Bunker  
  122  9:41  Bunker  
  122  9:46  Marine x2  
  122  9:48  Marauder, Siege Tank  
  129  9:55  Marauder, Unknown x2  
  129  9:58  Marine  
  129  9:59  Marine  
  133  10:03  Marine x2  
  133  10:04  Refinery, Marine x2  
  133  10:06  Supply Depot  
  137  10:12  Factory  
  134  10:14  Marine  
  129  10:23  Siege Tank  
  129  10:26  Marine x7  
  139  10:33  Marine  
  138  10:41  Medivac  
  137  10:44  Marine x6  
  142  10:51  Marine x2  
  142  10:55  Terran Infantry Weapons Level 3  
  126  11:00  Missile Turret  
  126  11:01  Marine  
  126  11:02  Marine x4  
  128  11:09  Marine  
  128  11:10  Marine x2  
  107  11:19  Marine x2  
  107  11:20  Marine x2  
  98  11:27  Marine  
  98  11:28  Marine x3, Command Center  
  102  11:35  Siege Tank  
  102  11:39  Medivac x2  
  109  11:40  Marine  
  109  11:41  Marine  
  109  11:43  Marine  
  109  11:46  Unknown x2  
  110  11:48  Marine x4  
  112  11:56  Marauder  
  112  11:58  Marine  
  112  11:59  Marine  
  112  12:01  Marine  
  115  12:05  Marine  
  115  12:06  Marine x2  
  119  12:11  Marine  
  119  12:13  Siege Tank, Medivac x2  
  125  12:16  Marine  
  125  12:17  Marine  
  125  12:19  SCV  
  125  12:20  SCV  
  129  12:24  Marine x3  
  132  12:31  SCV  
  132  12:32  SCV  
  132  12:35  Sensor Tower  
  134  12:37  Terran Infantry Armor Level 3  
  134  12:40  Supply Depot  
  134  12:45  Terran Vehicle Weapons Level 2  
  134  12:51  Siege Tank  
  134  12:52  Marine x3  
  134  12:55  Orbital Command  
  140  13:02  Marine  
  140  13:03  Marine x3  
  140  13:04  Bunker  
  136  13:10  SCV x2  
  133  13:22  SCV x2  
  133  13:25  Marine x4  
  120  13:34  SCV x2  
  120  13:36  Marine x4  
  120  13:39  Orbital Command  
  119  13:43  Marine x4  
  119  13:46  Medivac x2  
  126  13:48  Siege Tank  
  126  13:50  SCV x2  
  131  14:02  SCV x2  
  133  14:03  Factory, Command Center  
  133  14:05  SCV  
  134  14:13  Sensor Tower  
  134  14:14  SCV, Marine  
  134  14:15  Marauder, Marine x6  
  144  14:17  Liberator x2  
  144  14:23  Siege Tank  
  147  14:29  Barracks x2  
  147  14:32  Marine  
  147  14:35  Marine x5  
  147  14:38  Marine  
  156  14:39  Orbital Command  
  156  14:41  Marine  
  156  14:44  SCV x2  
  154  14:48  Factory Tech Lab  
  154  14:50  Marine  
  153  14:53  Marine x3  
  153  14:56  SCV  
  153  14:58  Marine x3  
  153  14:59  Marine  
  138  15:03  SCV  
  138  15:04  SCV  
  130  15:08  SCV, Marine  
  132  15:15  Siege Tank, SCV  
  132  15:16  SCV  
  132  15:17  Barracks Tech Lab  
  132  15:20  SCV  
  138  15:23  Marauder x2  
  138  15:27  Siege Tank  
  145  15:35  Barracks Tech Lab  
  145  15:36  Marauder  
  145  15:37  Concussive Shells  
  147  15:42  Medivac  
  147  15:43  Medivac  
  147  15:44  Marauder  
  147  15:45  Marauder  
  147  15:46  Marine x6  
  161  15:54  SCV x2  
  161  15:55  Missile Turret  
  163  15:58  Marauder x2  
  163  15:59  Siege Tank x2, Supply Depot x3  
  163  16:04  Marine x4  
  171  16:06  Marauder x2  
  178  16:12  Planetary Fortress  
  178  16:15  Marine x2  
  180  16:20  Marine  
  180  16:21  Marauder, Marine  
  180  16:22  Terran Vehicle And Ship Armor Level 1, Marine x3  
  180  16:23  Supply Depot  
  187  16:27  Marine  
  187  16:29  Marauder  
  187  16:32  Orbital Command  
  184  16:39  Marauder  
  186  16:42  Marauder  
  186  16:45  Marauder  
  186  16:46  Marine x6  
  179  16:56  SCV x3  
  184  17:01  SCV  
  184  17:08  SCV x2  
  187  17:09  Marine, Reaper  
  187  17:10  Marine x8  
  187  17:12  Ghost Academy  
  187  17:14  Refinery x2  
  187  17:25  Viking x2  
  187  17:27  Marine  
  187  17:28  Marine x6  
  189  17:44  Ghost x2  
  189  17:46  Ghost  
  195  17:51  Refinery  
  195  17:52  Command Center  
  193  17:59  Ghost  
  193  18:00  Marine  
  193  18:01  Marine  
  178  18:09  SCV  
  179  18:12  Ghost  
  179  18:13  Marauder  
  167  18:22  Ghost  
  167  18:25  Refinery, Marine x2  
  167  18:26  Refinery, Marine x2  
  167  18:27  Marine x2  
  166  18:28  Marine  
  166  18:30  Personal Cloaking  
  169  18:34  Marine  
  169  18:35  Bunker  
  169  18:40  Unknown x4  
  160  18:41  Marine  
  160  18:43  Marine x2  
  160  18:44  Marine x4  
  160  18:45  Marine  
  162  18:51  Ghost  
  162  19:01  Ghost x2  
  156  19:14  Marine, Ghost  
  156  19:15  Marine x5  
  131  19:19  Ghost  
  133  19:29  Marine  
  132  19:33  Ghost  
  132  19:37  Unknown x3  
  127  19:41  Marine x2  
  127  19:43  Marine x3  
  115  19:50  Marine  
Show
View Real Time Build Order
Export as new Build Order

SortOf Zerg - Winner!

Build Orders: Hatch First 

Get SALT Encoding   

  12  0:01  Drone  
  13  0:13  Overlord  
  13  0:17  Drone  
  14  0:32  Drone x2  
  16  0:48  Hatchery  
  15  0:51  Drone  
  15  0:55  Drone  
  17  0:58  Drone  
  18  1:09  Extractor  
  17  1:14  Spawning Pool  
  17  1:17  Drone  
  17  1:20  Drone  
  18  1:29  Drone  
  20  1:40  Drone  
  20  1:51  Overlord  
  20  2:01  Zergling x2, Queen x2  
  22  2:02  Zergling x2  
  26  2:12  Drone x2  
  28  2:20  Metabolic Boost  
  28  2:21  Drone  
  29  2:26  Drone  
  30  2:33  Drone  
  30  2:36  Queen  
  33  2:40  Queen  
  33  2:44  Overlord  
  35  2:45  Drone  
  36  2:58  Overlord  
  36  3:02  Drone x2  
  38  3:08  Drone x2  
  40  3:13  Drone x2  
  42  3:20  Hatchery  
  42  3:21  Drone  
  42  3:26  Drone  
  43  3:28  Overlord  
  43  3:30  Zergling x6  
  43  3:33  Drone  
  47  3:36  Queen  
  47  3:41  Drone  
  50  3:45  Roach Warren  
  49  3:48  Overlord  
  49  3:53  Drone  
  49  3:58  Drone  
  49  3:59  Lair  
  50  4:04  Drone x4  
  50  4:08  Drone x2  
  56  4:10  Extractor  
  56  4:11  Extractor  
  54  4:18  Drone  
  54  4:19  Drone x2  
  54  4:23  Pneumatized Carapace  
  57  4:25  Spore Crawler  
  57  4:27  Overlord  
  57  4:29  Overlord  
  56  4:32  Roach  
  56  4:36  Roach  
  60  4:39  Extractor, Drone x2  
  60  4:44  Roach x3  
  67  4:47  Drone  
  67  4:48  Drone  
  69  4:56  Roach x3  
  75  5:02  Roach x2  
  79  5:09  Roach x2  
  79  5:14  Overlord x2  
  83  5:16  Roach  
  85  5:22  Roach x2  
  85  5:25  Overlord  
  89  5:33  Zergling x12  
  89  5:34  Zergling x2  
  96  5:36  Ravager x3  
  96  5:40  Zergling x4  
  101  5:46  Ravager  
  101  5:48  Zergling x6  
  105  5:58  Ravager x2  
  105  5:59  Zergling x12  
  110  6:10  Zergling x8  
  97  6:15  Zergling x4  
  97  6:21  Overlord  
  97  6:26  Queen  
  97  6:29  Zergling x2  
  96  6:35  Zergling x4  
  96  6:36  Overlord x2  
  97  6:43  Ravager  
  97  6:44  Roach x2, Ravager  
  97  6:46  Glial Reconstitution  
  103  6:49  Roach  
  103  6:50  Overlord  
  103  7:01  Roach x8  
  75  7:10  Drone  
  75  7:12  Drone  
  75  7:13  Drone  
  78  7:17  Drone x4  
  78  7:18  Drone  
  78  7:20  Spire  
  82  7:27  Extractor  
  82  7:29  Extractor  
  80  7:32  Roach x4  
  88  7:40  Roach  
  88  7:41  Roach x3  
  88  7:44  Drone x2  
  98  7:53  Drone x7  
  101  8:04  Queen  
  103  8:06  Overlord  
  103  8:12  Drone x3  
  106  8:13  Overlord, Drone  
  106  8:14  Drone  
  106  8:18  Roach x2  
  112  8:23  Overseer, Evolution Chamber  
  111  8:31  Mutalisk x3  
  117  8:36  Ravager x4  
  117  8:37  Ravager x4  
  123  8:44  Mutalisk  
  125  8:50  Hatchery  
  125  8:52  Mutalisk  
  126  9:06  Mutalisk x2  
  118  9:10  Mutalisk  
  118  9:19  Roach x7  
  130  9:32  Zerg Ground Armor Level 1  
  130  9:38  Baneling Nest, Roach x4  
  131  9:39  Overlord x5, Evolution Chamber  
  136  9:47  Overlord  
  136  9:48  Overlord  
  136  9:58  Queen  
  138  10:00  Overlord  
  138  10:05  Roach x5  
  148  10:07  Zerg Melee Weapons Level 1  
  148  10:18  Roach x6  
  160  10:33  Roach  
  160  10:34  Roach x7  
  174  10:38  Centrifical Hooks  
  174  10:42  Infestation Pit, Ravager x3  
  174  10:50  Roach x5  
  175  11:03  Roach x7  
  169  11:17  Roach  
  169  11:18  Roach x7  
  151  11:20  Drone  
  151  11:21  Drone  
  149  11:28  Zerg Ground Armor Level 2  
  149  11:29  Zergling x4  
  149  11:30  Zergling x2  
  152  11:33  Queen  
  152  11:37  Drone  
  155  11:43  Ravager x2  
  153  11:47  Zergling x2  
  153  11:48  Zergling x16  
  158  11:57  Overlord  
  156  12:03  Hive  
  156  12:05  Zerg Melee Weapons Level 2  
  155  12:09  Queen  
  151  12:15  Mutalisk  
  151  12:16  Mutalisk  
  151  12:18  Drone x6  
  151  12:19  Drone x2  
  151  12:22  Extractor  
  162  12:23  Baneling x6  
  162  12:32  Zergling x14  
  162  12:35  Overlord  
  169  12:40  Baneling x10  
  169  12:41  Baneling  
  169  12:42  Overlord  
  169  12:48  Overlord  
  167  13:09  Zergling x28  
  179  13:21  Zergling x2  
  179  13:22  Zergling x6  
  148  13:42  Zergling x8  
  148  13:43  Zergling x20  
  160  13:51  Greater Spire  
  160  13:52  Adrenal Glands  
  160  13:53  Zerg Ground Armor Level 3  
  160  13:54  Viper  
  160  13:55  Viper  
  166  13:56  Zergling x4  
  166  14:01  Extractor  
  167  14:03  Drone x3  
  167  14:08  Zergling x4  
  167  14:09  Zergling x6  
  175  14:12  Hatchery  
  175  14:14  Baneling x14  
  175  14:15  Baneling x9  
  173  14:25  Drone x3  
  169  14:40  Zerg Melee Weapons Level 3  
  169  14:43  Zergling x28  
  168  14:53  Zergling x2  
  168  14:57  Zergling x2  
  156  15:00  Zergling x4  
  156  15:02  Zergling x4  
  156  15:03  Baneling  
  156  15:04  Baneling x6  
  156  15:05  Baneling x13  
  154  15:12  Zergling x12  
  160  15:17  Zerg Flyer Weapons Level 1  
  160  15:22  Hatchery  
  159  15:28  Zergling x12  
  159  15:33  Baneling x12  
  162  15:37  Corruptor x5  
  162  15:42  Extractor  
  170  15:46  Corruptor x2  
  173  15:51  Drone x3  
  176  16:03  Extractor  
  174  16:09  Brood Lord x4  
  182  16:18  Drone x6  
  186  16:19  Drone x5  
  192  16:27  Zergling x2  
  192  16:28  Zergling x12  
  199  16:53  Brood Lord x3, Corruptor x3  
  175  17:14  Hatchery  
  173  17:16  Corruptor  
  173  17:17  Corruptor x3  
  176  17:29  Zergling x4  
  179  17:30  Zergling x16  
  179  17:38  Brood Lord x2  
  183  17:45  Brood Lord  
  183  17:50  Brood Lord  
  187  17:51  Zerg Flyer Weapons Level 2  
  187  17:56  Baneling x2  
  183  18:13  Unknown  
  176  18:20  Zergling x32  
  192  18:27  Zergling x4  
  192  18:30  Zergling x6  
  192  18:33  Baneling x16  
  197  18:34  Spore Crawler  
  194  18:43  Corruptor  
  194  18:44  Corruptor  
  194  18:48  Overseer x3  
  198  19:02  Baneling x9  
  169  19:17  Corruptor x7  
  183  19:25  Zergling x16  
  191  19:37  Unknown  
  183  19:42  Unknown  
  183  19:44  Zergling x30  
  183  19:45  Zergling x4  
Tags
 
Add a new tag
Caveats
  • Supply blocks, unpowered buildings, or Contaminate may cause inaccurate times.
  • Supply counts are checked every 10 seconds.